 Dungeon Crawl Stone Soup version 0.27.0-1-g7a08968 (webtiles) character file.

Game seed: 15500669585311825014

98 Host24 the Bolt Thrower (level 5, -7/33 HPs)
             Began as a Kobold Hunter on Jan 23, 2022.
             Killed by nerve-wracking pain
             ... invoked by an orc priest
              (13 damage)
             ... on level 3 of the Dungeon.
             The game lasted 00:10:20 (3099 turns).

Host24 the Bolt Thrower (Kobold Hunter)             Turns: 3099, Time: 00:10:21

Health: -7/33      AC:  3    Str: 10    XL:     5   Next: 0%
Magic:  5/5        EV: 14    Int: 12    God:
Gold:   178        SH:  0    Dex: 16    Spells: 4/4 levels left

rFire    . . .     SeeInvis .   a - +1 hand crossbow
rCold    . . .     Faith    .   (shield restricted)
rNeg     . . .     Spirit   .   c - +0 leather armour
rPois    .         Reflect  .   (no helmet)
rElec    .         Harm     .   j - scarf {shadows}
rCorr    .         Rampage  .   (no gloves)
Will     .....                  (no boots)
Stlth    +++.......             (no amulet)
HPRegen  0.11/turn              (no ring)
MPRegen  0.09/turn              (no ring)

@: lethally poisoned (-7 -> -9), very slightly contaminated, invisible
A: small, no large weapons, nightstalker 3
a: no special abilities


You were on level 3 of the Dungeon.
You visited 1 branch of the dungeon, and saw 3 of its levels.

You collected 178 gold pieces.

Inventory:

Hand Weapons
 a - a +1 hand crossbow (weapon)
 b - a +0 short sword
 f - a +0 vampiric short sword
 h - a +1 dagger of freezing
Missiles
 d - 12 bolts (quivered ammo)
Armour
 c - a +0 leather armour (worn)
 g - a +0 ring mail
 j - a scarf of shadows (worn)
Scrolls
 e - 2 scrolls of fog


   Skills:
 * Level 4.1 Fighting
 - Level 0.2 Short Blades
 - Level 6.0 Crossbows
 - Level 2.4 Dodging
 - Level 1.3 Stealth


You had 4 spell levels left.
You didn't know any spells.
Your spell library contained the following spells:

 Spells                   Type           Power      Damage    Failure   Level
 Inner Flame              Hex/Fire       0%         N/A       80%         3
 Cause Fear               Hex            0%         N/A       99%         4
 Discord                  Hex            0%         N/A       100%        8


Dungeon Overview and Level Annotations

Branches:
Dungeon (3/15)

Altars:

Shops:
D:3 (=:


Innate Abilities, Weirdness & Mutations

You are small and have problems with some larger weapons.
You are completely attuned to the shadows.


Message History

Aim: an adder (wandering, hasn't noticed you, 55% to hit)
You shoot a bolt. The bolt closely misses the adder.
The adder hisses angrily.
The adder bites you but does no damage. The adder bites you.
An orc priest comes into view. It is wielding a staff of poison.
It was a potion of curing.
You feel better. The orc hits you with a +0 falchion.
The orc hits you with a +0 short sword. The adder misses you.
It was a potion of invisibility.
You fade into invisibility!
The orc barely misses you. The adder misses you. The orc barely misses you.
You are very lightly contaminated with residual magic.
You feel better. The adder misses you. The orc closely misses you.
The orc hits you with a +0 short sword. The adder bites you.
You are poisoned.
The adder poisons you!
As you read the scroll labelled HUTIGAM COCLA, it crumbles to dust.
The scroll dissolves into smoke.
It was a scroll of fog.
You feel sick. The orc closely misses you. The orc barely misses you.
The adder closely misses you.
An orc comes into view.
It is wielding a +2 short sword of speed.
Fire: 14 bolts
Press: ? - help, Q - select action Shift-Dir - straight line, f/p - adder
Aim: an adder (blue smoke, 55% to hit)
You shoot a bolt. The bolt hits the adder!
The adder is severely wounded.
The orc shouts!
You feel sick. The orc barely misses you. The adder closely misses you.
The orc hits you with a +0 falchion.
* * * LOW HITPOINT WARNING * * *
The adder misses you.
Fire: 13 bolts
Press: ? - help, Q - select action Shift-Dir - straight line, f/p - adder
Aim: an adder (blue smoke, severely wounded, 55% to hit)
You shoot a bolt. The bolt hits the adder!
You kill the adder!
You feel sick.
The orc priest calls down the wrath of Beogh upon you.
Pain shoots through your body!
You die...

...... ...... ......
#..... ##.#......#
#.... ..........# #.#
#.... ......###.#
#.###oo..
........#.####.#o§o...
......#.....##.#@#§...
##.#..###.....§§§#....
..#.## #.....§§.####.
#.......(# .........#


You could see an orc priest and 3 orcs.

Vanquished Creatures
  6 adders
  2 worms (D:2)
  2 dart slugs
  2 orcs (D:3)
  4 ball pythons
  3 endoplasms
  A giant cockroach (D:2)
  A goblin (D:2)
  4 jackals
  3 quokkas
  2 bats (D:2)
  4 frilled lizards
  6 kobolds
  6 rats
46 creatures vanquished.

Notes
Turn   | Place    | Note
-------+----------+-------------------------------------------
     0 | D:1      | Host24 the Kobold Hunter began the quest for the Orb.
     0 | D:1      | Reached XP level 1. HP: 12/12 MP: 1/1
    86 | D:1      | Reached skill level 5 in Crossbows
   117 | D:1      | Reached XP level 2. HP: 17/17 MP: 2/2
  1405 | D:2      | Reached XP level 3. HP: 21/21 MP: 3/3
  1515 | D:2      | Reached skill level 6 in Crossbows
  1941 | D:2      | Reached XP level 4. HP: 7/28 MP: 4/4
  2405 | D:3      | Found Xodiucse's Book Shoppe.
  2544 | D:3      | Found Loenieno's Jewellery Emporium.
  2631 | D:3      | Found Zesadoh's Antique Weapon Emporium.
  3092 | D:3      | Reached XP level 5. HP: 12/33 MP: 5/5
  3099 | D:3      | Killed from afar by an orc priest

Illustrated notes

Levels and vault maps discovered:
D:1:      dpeg_arrival_orchard, layout_basic, minivault_14, kennysheep_doodads
D:2:      minmay_chambers_of_twos, layout_basic
D:3:      layout_rooms, serial_shops, shop, nicolae_shop_trees,
          nicolae_shop_trees, nicolae_shop_temple_entry_statues_fountains,
          nicolae_shop_statue_plus, uniq_jessica

Skill      XL: |  1  2  3  4 |
---------------+-------------+-----
Crossbows      | 5 6 |  6.0
Fighting       | 3 4 |  4.1
Short Blades   | |  0.2
Dodging        | |  2.4
Stealth        | |  1.3

Action                   |  1- 3 |  4- 6 || total
-------------------------+-------+-------++-------
Melee: Short sword       |    45 |    16 ||    61
       Dagger            |    36 |    45 ||    81
 Fire: Hand crossbow     |    17 |    10 ||    27
  Use: Potion            |       |     3 ||     3
       Scroll            |       |     1 ||     1
 Stab: Sleeping          |     9 |     3 ||    12
Armor: Leather armour    |    11 |    14 ||    25
Dodge: Dodged            |    52 |    52 ||   104
